details: 'wtf1'

« prev index next »

General information

Mini Map

Players

team 1
Orcdkhdk98 (blue | 204 APM | 4604 actions | 22:32)
Hero icon 3 Blademaster
Ability icon 1 Wind Walk
Ability icon 2 Critical Strike
Hero icon 4 Tauren Chieftain
Ability icon 2 War Stomp
Ability icon 2 Endurance Aura

» actions
Assign group hotkey34
Basic commands557
Build / train111
Enter build submenu21
Enter hero's abilities submenu7
Right click1096
Select / deselect675
Select group hotkey1950
Use ability153
4604 total
» units
Peon18
Grunt22
Wind Rider3
Demolisher5
48 total
» upgrades
Spiked Barricades2
Berserker Strength1
Reinforced Defenses1
Burning Oil1
Armor2
Pillage1
8 total
» buildings
Altar of Storms1
Orc Burrow7
Voodoo Lounge3
Stronghold1
War Mill1
Watch Tower4
Barracks4
Fortress6
Beastiary1
28 total
» build order
00:09 Altar of Storms
00:19 Orc Burrow
00:50 Voodoo Lounge
01:21 Orc Burrow
02:14 Stronghold
02:34 War Mill
03:04 Orc Burrow
03:53 Watch Tower
03:57 Barracks
04:38 Fortress
04:39 Fortress
04:39 Fortress
04:39 Fortress
06:50 Beastiary
07:46 Orc Burrow
10:29 Barracks
10:32 Orc Burrow
11:16 Barracks
11:21 Voodoo Lounge
11:47 Orc Burrow
12:33 Watch Tower
13:46 Watch Tower
15:28 Barracks
16:48 Orc Burrow
17:03 Watch Tower
17:30 Voodoo Lounge
» items
Healing Salve4
Boots of Speed1
Scroll of Speed1
Orb of Lightning1
7 total
team 2
Random» HumanEureKa1 (teal | 171 APM | 3845 actions | 22:32)
Hero icon 3 Archmage
Ability icon 2 Summon Water Elemental
Ability icon 1 Brilliance Aura
Hero icon 4 Mountain King
Ability icon 2 Storm Bolt
Ability icon 2 Bash

» actions
Assign group hotkey38
Basic commands40
Build / train83
ESC pressed1
Enter build submenu20
Enter hero's abilities submenu7
Right click2119
Select / deselect744
Select group hotkey639
Use ability154
3845 total
» units
Peasant18
Footman21
Sorceress9
Priest3
51 total
» upgrades
Defend1
Sorceress Training1
Priest Training1
Masonry1
4 total
» buildings
Altar of Kings1
Farm9
Barracks3
Scout Tower1
Arcane Tower1
Keep2
Arcane Vault1
Lumber Mill1
Arcane Sanctum1
Town Hall1
Castle4
25 total
» build order
00:04 Altar of Kings
00:05 Farm
00:13 Farm
01:08 Barracks
01:17 Barracks
02:19 Scout Tower
02:30 Farm
02:46 Arcane Tower
03:26 Keep
03:46 Arcane Vault
03:55 Farm
04:04 Lumber Mill
04:52 Farm
05:20 Farm
07:38 Arcane Sanctum
08:14 Farm
12:14 Farm
16:29 Town Hall
18:04 Farm
18:59 Castle
18:59 Castle
19:00 Castle
19:45 Barracks
» items
Scroll of Regeneration3
Lesser Clarity Potion4
Scroll of Town Portal2
Potion of Healing3
12 total